cohdb
Replays
Latest Replays
All Replays
Popular Replays
Top Player Replays
Match Explorer
How It Works
Community
CoH3 Stats
Reddit
Sign in to upload your games and track your stats! →
Sign in with Steam
crying while playing wher :'(
Match 31643376
Overview
Messages
Build Orders
End
Pioneer Squad
Construct Infanterie Kompanie
Grenadier Squad
Grenadier Squad
MG 42 Machine Gun Team
Grenadier Squad
Infanterie Officer Quarters
Construct Panzergrenadier Kompanie
Panzergrenadier Squad
Medical Bunker
Pak 40 Anti-tank Gun Team
Support Elements
StuG III G Assault Gun
Selects Luftwaffe Battlegroup
Selects Luftwaffe Pioneer Support
Selects LG40 Recoilless Gun Paradrop
Sniper
Selects Infantry Reserves
Selects Stuka Strafing Run
Selects Fallschirmjäger Squad Paradrop
Construct Panzer Kompanie
Panzer IV Medium Tank
Pioneer Squad
Pioneer Squad
Selects Stuka Loiter
Panzer IV Medium Tank
Stoßtruppen Squad
Panzer IV Medium Tank
Stuka Loiter
Pak 40 Anti-tank Gun Team
Sturmpanzer IV Brummbär
Pioneer Squad
Pioneer Squad
oziligath
nub
0
0
Comments
sign in to comment!
No comments posted yet!